 Dungeon Crawl Stone Soup version 0.21-a0-476-gd103f4b (webtiles) character file.

141 theanonym the Chopper (level 5, -1/45 HPs)
             Began as a Hill Orc Fighter on Nov 23, 2017.
             Slain by an orc
             ... wielding a +0 club
              (3 damage)
             ... on level 4 of the Dungeon.
             The game lasted 00:02:50 (3237 turns).

theanonym the Chopper (Hill Orc Fighter)            Turns: 3237, Time: 00:02:50

Health: -1/45      AC:  6    Str: 20    XL:     5   Next: 24%
Magic:  5/5        EV:  7    Int:  8    God:
Gold:   157        SH:  9    Dex: 10    Spells: 4/4 levels left

rFire    . . .     SeeInvis .   a - +0 war axe
rCold    . . .     Gourm    .   c - +0 shield
rNeg     . . .     Faith    .   b - +0 scale mail
rPois    .         Spirit   .   (no helmet)
rElec    .         Reflect  .   (no cloak)
rCorr    +         Harm     .   (no gloves)
MR       .....                  (no boots)
Stlth    ..........             (no amulet)
HPRegen  0.15/turn              q - ring of resist corrosion
MPRegen  0.09/turn              (no ring)

@: no status effects
A: no striking features
a: no special abilities


   Skills:
 - Level 3.6 Fighting
 + Level 7.0 Axes
 - Level 3.2 Armour
 - Level 3.2 Shields


You had 4 spell levels left.
You didn't know any spells.

Skill      XL: |  1  2  3  4  5 |
---------------+----------------+-----
Axes           | 3 4 5 6 7 |  7.0
Fighting       | |  3.6
Armour         | |  3.2
Shields        | |  3.2

Action                   |  1- 3 |  4- 6 || total
-------------------------+-------+-------++-------
Melee: War axe           |   130 |   100 ||   230
  Eat: Chunk             |     2 |     5 ||     7
Armor: Scale mail        |    58 |    47 ||   105
Dodge: Dodged            |    39 |    27 ||    66
Block: Shield            |    70 |    56 ||   126

Inventory:

Hand Weapons
 a - a +0 war axe (weapon)
Armour
 b - a +0 scale mail (worn)
 c - a +0 shield (worn)
Jewellery
 q - a ring of resist corrosion (left hand)
   (You found it on level 3 of the Dungeon)
Scrolls
 e - 3 scrolls of identify {unknown}
 k - 2 scrolls of fear {unknown}
 n - a scroll of remove curse {unknown}
 p - a scroll of teleportation {unknown}
 r - a scroll of enchant weapon {unknown}
Potions
 d - 2 potions of might
 g - 2 potions of mutation {unknown}
 j - a potion of curing {unknown}
 m - a potion of resistance {unknown}
 o - a potion of flight {unknown}
Comestibles
 f - 5 bread rations
 h - a royal jelly
 i - 2 meat rations

Dungeon Overview and Level Annotations

Branches:
Dungeon (4/15)
 Temple: D:4-7

Altars:
Elyvilon


You were on level 4 of the Dungeon.
You were hungry.

You visited 1 branch of the dungeon, and saw 4 of its levels.

You collected 157 gold pieces.


Message History

You see here a frilled lizard skeleton. x2
Found a stone staircase leading down.
You now have 124 gold pieces (gained 14).
r - a scroll labeled FIROIS HITHA Health restored: 45
k - 2 scrolls labeled PUSMOA LIWUROH (gained 1) Some of the chunks of flesh in your inventory have rotted away.
You open the door.
There is an open door here.
There is a stone staircase leading down here.
You now have 138 gold pieces (gained 14).
Found a stone staircase leading down.
f - 5 bread rations (gained 1)
You now have 155 gold pieces (gained 17).
You now have 157 gold pieces (gained 2).
There is an open door here.
A bat comes into view.
A bat is nearby!
A bat is nearby!
The bat misses you.
Your shield and scale mail prevent you from hitting the bat.
You block the bat's attack. The bat barely misses you.
The bat hits you but does no damage.
You hit the bat. You block the bat's attack.
The bat hits you but does no damage. You block the bat's attack.
You closely miss the bat. The bat hits you.
You take 1 damage, and have 44/45 hp.
The bat hits you but does no damage. The bat closely misses you.
Health restored: 45 The bat hits you but does no damage.
The bat hits you but does no damage. You block the bat's attack.
You barely miss the bat. You block the bat's attack.
You block the bat's attack.
You hit the bat.
You kill the bat!
There is an open door here.
There is a stone staircase leading up here.
Some of the chunks of flesh in your inventory have rotted away.
There is a stone staircase leading up here.
Done exploring.
Done exploring.
All of the chunks of flesh in your inventory have rotted away.
There is a stone staircase leading up here.
You are feeling hungry.
You can't go down here!
You can't go down here!
(D) Dungeon
Where to? (Enter - D:3 @ (x,y), ? - help)
There is a stone staircase leading up here.
There is an open door here.
There is an open door here.
There is a stone staircase leading down here.
You climb downwards.
An orc comes into view. It is wielding a trident.
The orc shouts!
You hear a shout!
There is a stone staircase leading up here.
An orc is nearby!
An orc and an ogre come into view.
The orc shouts!
The orc throws a tomahawk.
You block the tomahawk.
You see here a tomahawk.
You block the orc's attack.
The ogre hits you with a giant spiked club!
You take 9 damage, and have 36/45 hp.
You hit the ogre but do no damage. You block the orc's attack.
The ogre hits you with a giant spiked club.
You take 3 damage, and have 33/45 hp.
You hit the ogre. The orc hits you but does no damage.
You block the ogre's attack.
The orc hits you from afar with a trident.
You take 3 damage, and have 30/45 hp.
You are too injured to fight recklessly!
You are too injured to fight recklessly!
You are too injured to fight recklessly!
You are too injured to fight recklessly!
You are too injured to fight recklessly!
You hit the ogre. The ogre barely misses you. You block the orc's attack.
You hit the ogre. The orc barely misses you.
The ogre hits you with a giant spiked club.
You take 5 damage, and have 25/45 hp.
Your shield and scale mail prevent you from hitting the ogre.
The orc hits you but does no damage.
You hit the ogre. You hit the orc. The ogre hits you but does no damage.
The orc hits you but does no damage.
The orc hits you from afar with a trident.
* * * LOW HITPOINT WARNING * * *
You block the orc's attack.
You hit the ogre. You closely miss the orc. You block the ogre's attack.
The orc hits you but does no damage. x2
You take 4 damage, and have 21/45 hp.
You hit the ogre. You hit the orc.
The ogre hits you with a giant spiked club!
* * * LOW HITPOINT WARNING * * *
The orc hits you from afar with a trident!
* * * LOW HITPOINT WARNING * * *
The orc hits you with a club.
You die...

## .. .# .#
####O#
########..@.#
...........o##
.......<(..o.#
#########..#.#
#..#.# #..#.#
.... . #..#.#
#..#o#


You could see an ogre and 2 orcs.

Notes
Turn   | Place    | Note
-------+----------+-------------------------------------------
     0 | D:1      | theanonym the Hill Orc Fighter began the quest for the Orb.
     0 | D:1      | Reached XP level 1. HP: 19/19 MP: 1/1
    33 | D:1      | HP: 6/19 [kobold/short sword (5)]
    39 | D:1      | Reached skill level 3 in Axes
   340 | D:1      | Reached XP level 2. HP: 26/26 MP: 2/2
   609 | D:1      | Reached skill level 4 in Axes
   921 | D:1      | Reached XP level 3. HP: 25/31 MP: 3/3
  1321 | D:2      | Reached skill level 5 in Axes
  1583 | D:2      | Reached XP level 4. HP: 30/39 MP: 4/4
  1759 | D:2      | Found a white marble altar of Elyvilon.
  1845 | D:2      | Found a faded altar of an unknown god.
  1964 | D:2      | Reached skill level 6 in Axes
  2455 | D:3      | Reached XP level 5. HP: 41/45 MP: 5/5
  2931 | D:3      | Reached skill level 7 in Axes
  3227 | D:4      | Noticed an ogre
  3235 | D:4      | HP: 21/45 [orc/trident (4)]
  3237 | D:4      | HP: 2/45 [orc/trident (9)]
  3237 | D:4      | Slain by an orc

Vanquished Creatures
  6 adders
  3 oozes
  A worm (D:2)
  4 dart slugs
  An orc (D:3)
  4 bats
  A giant cockroach (D:1)
  9 goblins
  5 hobgoblins
  10 jackals
  8 kobolds
  A ball python (D:3)
  5 frilled lizards
  5 rats
63 creatures vanquished.

Vanquished Creatures (others)
  A bat (D:2)
  A goblin (D:2)
  4 toadstools (D:1)
6 creatures vanquished.

Grand Total: 69 creatures vanquished
